 Dungeon Crawl Stone Soup version 0.29.1-2-gbd0b4ee654 (webtiles) character file.

Game seed: 7038674582960004378

473 zeram the Chopper (level 7, -3/61 HPs)
             Began as a Hill Orc Fighter on Nov 13, 2022.
             Was an Initiate of Gozag.
             Splashed by a jelly's acid (10 damage)
             ... on level 5 of the Dungeon.
             The game lasted 00:06:54 (3766 turns).

zeram the Chopper (Hill Orc Fighter)                Turns: 3766, Time: 00:06:54

Health: -3/61      AC: -3    Str: 21    XL:     7   Next: 10%
Magic:  7/7        EV:  9    Int:  8    God:    Gozag
Gold:   247        SH:  5    Dex: 16    Spells: 6/6 levels left

rFire   . . .      SeeInvis .   a - +1 war axe
rCold   . . .      Faith    .   c - +0 buckler
rNeg    . . .      Spirit   .   b - +0 scale mail
rPois   .          Reflect  .   (no helmet)
rElec   .          Harm     .   (no cloak)
rCorr   .          Rampage  .   (no gloves)
Will    .....                   i - +0 pair of boots
Stlth   ..........              (no amulet)
HPRegen 0.20/turn               e - +6 ring of dexterity
MPRegen 0.10/turn               (no ring)

@: corroded
A: no striking features
a: Renounce Religion, Potion Petition, Call Merchant, Bribe Branch


You were on level 5 of the Dungeon.
You worshipped Gozag.
Gozag was aware of your devotion.
You visited 2 branches of the dungeon, and saw 6 of its levels.

You collected 311 gold pieces.
You paid 64 gold pieces to Gozag.

Inventory:

Hand Weapons
 a - a +1 war axe (weapon)
Armour
 b - a +0 scale mail (worn)
 c - a +0 buckler (worn)
 i - a +0 pair of boots (worn)
Jewellery
 e - a +6 ring of dexterity (left hand)
 n - the ring of Xom's Flight of Fancy {Wiz rCorr Str+4}
   (You found it on level 2 of the Dungeon)

   [ring of wizardry]

   It improves your spell success rate.
   Str:       It affects your strength (+4).
   rCorr:     It protects you from acid and corrosion.
Wands
 l - a wand of charming (7)
Scrolls
 d - a scroll of teleportation
 j - a scroll of silence
 u - 2 scrolls of noise
Potions
 f - a potion of lignification {unknown}
 g - 2 potions of attraction {unknown}
 h - a potion of ambrosia {unknown}
 k - 2 potions of curing
 m - a potion of brilliance {unknown}
 p - a potion of mutation {unknown}
 r - 2 potions of heal wounds {unknown}
 t - a potion of degeneration {unknown}


   Skills:
 + Level 5.2 Fighting
 + Level 6.9 Axes
 + Level 4.4 Armour
 + Level 1.0 Dodging
 + Level 4.3 Shields


You had 6 spell levels left.
You didn't know any spells.
Your spell library contained the following spells:

 Spells                   Type           Power      Damage    Failure   Level
 Shock                    Conj/Air       0%         1d3       83%         1
 Ensorcelled Hibernation  Hex/Ice        0%         N/A       92%         2
 Mephitic Cloud           Conj/Pois/Air  0%         N/A       99%         3
 Summon Ice Beast         Ice/Summ       0%         N/A       100%        4


Dungeon Overview and Level Annotations

Branches:
Dungeon (5/15)             Temple (1/1) D:4

Altars:
Cheibriados
Elyvilon
Fedhas
Gozag
Hepliaklqana
Okawaru
Qazlal
Sif Muna
Trog
Xom
Yredelemnul
Zin


Message History

The gnoll hits you with a +0 club. The gnoll bouda closely misses you.
You slash the gnoll bouda!
You kill the gnoll bouda!
You hit the gnoll.
The gnoll is distracted by your dazzling golden aura.
Unknown command.
The gnoll shouts!
You hit the gnoll but do no damage.
The gnoll is no longer distracted by gold.
The gnoll is lightly wounded.
You slash the jelly!
Your hands burn!
The gnoll hits you but does no damage.
The jelly is distracted by your dazzling golden aura.
Unknown command.
You slash the jelly!
The jelly is no longer distracted by gold.
The acid corrodes you!
Your hands burn!
The jelly is almost dead.
You closely miss the gnoll. You block the gnoll's attack. The jelly hits you.
The acid corrodes you!
You are splashed with acid!
The gnoll hits you with a +0 club!
* * * LOW HITPOINT WARNING * * *
You are too injured to fight recklessly!
Unknown command.
You are too injured to fight recklessly!
Unknown command.
You are too injured to fight recklessly!
Unknown command.
You feel better.
The gnoll is no longer moving quickly.
The jelly hits you. The acid corrodes you!
You are splashed with acid!
* * * LOW HITPOINT WARNING * * *
The gnoll hits you with a +0 club.
* * * LOW HITPOINT WARNING * * *
You hit the jelly but do no damage.
Your hands burn!
* * * LOW HITPOINT WARNING * * *
The jelly is almost dead.
You slash the gnoll! The jelly hits you.
* * * LOW HITPOINT WARNING * * *
You are splashed with acid!
You die...
Your body crumbles into a pile of gold.

.......................
.#.............#.#####.
##............#...
#........####.#.###
#.......## #.#.#
#..###...# #.#.# #...#
#.... ##(.## #####
##g@## #oJ## #.$##
....# .....# ..... ?$..
.... ##.


You could see a jelly, a gnoll and an orc.

Vanquished Creatures
  An ogre (D:5)
  A centaur (D:4)
  A hound (D:5)
  A gnoll bouda (D:5)
  An orc wizard (D:4)
  3 iguanas
  2 gnolls (D:5)
  2 adders
  An ufetubus (D:5)
  A worm (D:3)
  2 dart slugs
  11 orcs
  3 ball pythons
  8 endoplasms
  2 giant cockroaches (D:4)
  9 goblins
  2 hobgoblins (D:1)
  16 jackals
  5 kobolds
  2 quokkas
  5 bats
  3 frilled lizards
  3 rats
  A butterfly (D:4)
86 creatures vanquished.

Vanquished Creatures (others)
  A wizard (D:4)
1 creature vanquished.

Grand Total: 87 creatures vanquished

Notes
Turn   | Place    | Note
-------+----------+-------------------------------------------
     0 | D:1      | zeram the Hill Orc Fighter began the quest for the Orb.
     0 | D:1      | Reached XP level 1. HP: 19/19 MP: 1/1
    34 | D:1      | Found a faded altar of an unknown god.
   112 | D:1      | Reached XP level 2. HP: 27/27 MP: 2/2
   589 | D:1      | Reached skill level 3 in Axes
   589 | D:1      | Reached XP level 3. HP: 33/33 MP: 3/3
  1119 | D:2      | Identified the ring of Xom's Flight of Fancy {Wiz rCorr
                  | Str+4}
  1331 | D:2      | Got Omoesizu's Tractate on Cloudy Ice
  1382 | D:3      | Reached XP level 4. HP: 38/40 MP: 4/4
  1405 | D:3      | Noticed an air elemental
  1406 | D:3      | Found a stormy altar of Qazlal.
  1409 | D:3      | Noticed a fire elemental
  1686 | D:3      | Reached skill level 4 in Axes
  2033 | D:3      | Noticed an earth elemental
  2033 | D:3      | Noticed a water elemental
  2133 | D:4      | Noticed a centaur
  2141 | D:4      | Killed a centaur
  2142 | D:4      | Reached skill level 5 in Axes
  2142 | D:4      | Reached XP level 5. HP: 12/47 MP: 5/5
  2202 | D:4      | Found a staircase to the Ecumenical Temple.
  2429 | D:4      | Found a shimmering altar of Xom.
  2621 | D:4      | Found a bloodstained altar of Trog.
  2775 | Temple   | Entered the Ecumenical Temple
  2891 | Temple   | Became a worshipper of Gozag Ym Sagoz the Greedy
  2934 | D:4      | Reached XP level 6. HP: 53/53 MP: 6/6
  3015 | D:4      | Found an iron altar of Okawaru.
  3428 | D:4      | Noticed a wizard
  3430 | D:4      | Killed a wizard
  3486 | D:5      | Entered Level 5 of the Dungeon
  3516 | D:5      | Reached skill level 6 in Axes
  3518 | D:5      | Reached skill level 5 in Fighting
  3518 | D:5      | Reached skill level 1 in Dodging
  3754 | D:5      | Reached XP level 7. HP: 61/61 MP: 7/7
  3766 | D:5      | Splashed by a jelly's acid

Illustrated notes

Levels and vault maps discovered:
D:1:      dpeg_arrival_radiant, layout_basic,
          hellmonk_ecumenical_altar_dog_temple, minmay_unequal
D:2:      layout_basic, minmay_quantized
D:3:      layout_loops_cross, nicolae_qazlal_style_of_elements,
          chequers_serial_rivers_micro_b
D:4:      layout_basic, trog_wizard, mainiacjoe_overflow_six_doors_small,
          xom_butterflies, minmay_temple_entry_statues_pillars
D:5:      layout_layer_cave, minmay_misc_feat_encased
Temple:   nicolae_temple_superstar

Skill      XL: |  1  2  3  4  5  6 |
---------------+-------------------+-----
Fighting       | 4 5 |  5.2
Axes           | 3 5 6 |  6.9
Armour         | 4 |  4.4
Shields        | 4 |  4.3
Dodging        | 1 |  1.0

Action                   |  1- 3 |  4- 6 |  7- 9 || total
-------------------------+-------+-------+-------++-------
Melee: War axe           |    98 |   104 |    10 ||   212
  Use: Scroll            |     1 |     9 |       ||    10
       Potion            |       |     1 |     1 ||     2
Armor: Scale mail        |    55 |    46 |     2 ||   103
Dodge: Dodged            |    40 |    44 |     1 ||    85
Block: Buckler           |    28 |    36 |     2 ||    66
